 Dungeon Sprint DCSS version 0.27-a0-1324-ge0d8e047f6 (webtiles) character file.

Game seed: 10414506866106186124

5 rocky1 the Shield-Bearer (level 1, 0/18 HPs)
             Began as a Formicid Fighter on June 24, 2021.
             Slain by an iguana (5 damage)
             ... in the Dungeon (Sprint IX: "|||||||||||||||||||||||||||||").
             The game lasted 00:00:18 (87 turns).

rocky1 the Shield-Bearer (Formicid Fighter)           Turns: 87, Time: 00:00:19

Health: 0/18       AC:  6    Str: 20    XL:     1   Next: 88%
Magic:  1/1        EV:  8    Int:  7    God:
Gold:   0          SH:  9    Dex: 10    Spells: 0/0 levels left

rFire    . . .     SeeInvis +   a - +0 long sword
rCold    . . .     Faith    .   c - +0 kite shield
rNeg     . . .     Spirit   .   b - +0 scale mail
rPois    .         Reflect  .   (helmet unavailable)
rElec    .         Harm     .   (no cloak)
rCorr    .         Rampage  .   (no gloves)
Will     .....                  (no boots)
Stlth    ..........             (no amulet)
HPRegen  0.06/turn              (no ring)
MPRegen  0.07/turn              (no ring)

@: no status effects
A: permanent stasis, dig shafts and tunnels, antennae 3, four strong arms
a: Dig


You were in the Dungeon.
You visited 1 branch

Inventory:

Hand Weapons
 a - a +0 long sword (weapon)
Armour
 b - a +0 scale mail (worn)
 c - a +0 kite shield (worn)
Potions
 d - a potion of might
 e - a potion of curing
 f - a potion of heal wounds
 g - 2 potions of magic


   Skills:
 - Level 3.2 Fighting
 + Level 3.1 Long Blades
 - Level 3.2 Armour
 + Level 4.7 Shields


You couldn't memorise any spells.
You didn't know any spells.
Your spell library was empty.

Dungeon Overview and Level Annotations

Branches:
Dungeon (1/1)

Altars:


Innate Abilities, Weirdness & Mutations

You cannot be hasted, slowed, berserked, paralysed or teleported.
You can dig through walls and to a lower floor.
You have a pair of large antennae on your head. (SInv)
Your four strong arms can wield two-handed weapons with a shield.


Message History

The ball python constricts you. You block the ball python's attack.
The ball python constricts you.
You slash the ball python!
You kill the ball python!
The kobold throws a stone.
The stone hits you but does no damage.
Your Long Blades skill increases to level 3!
You block the kobold's attack.
There is an open door to the Dungeon here.
Items here: ) †††.
Your scale mail prevents you from hitting the kobold.
The kobold barely misses you.
You riposte.
Your shield prevents you from hitting the kobold.
You block the kobold's attack.
You hit the kobold but do no damage. You block the kobold's attack.
You hit the kobold.
You kill the kobold!
Things that are here:
a +0 whip; a stone; a kobold corpse You start resting.
HP restored.
You open the door.
An iguana, 2 adders, an ogre and a skeleton come into view.
The adder hisses angrily.
The ogre shouts!
The iguana hisses angrily.
You block the adder skeleton's attack.
Your shield and scale mail prevent you from hitting the adder skeleton.
You closely miss the iguana. You closely miss the iguana.
The iguana hisses menacingly.
You block the iguana's attack.
Okay, then.
You slash the iguana!
The iguana is heavily wounded.
The iguana bites you!
Ouch! That really hurt!
The iguana bites you.
* * * LOW HITPOINT WARNING * * *
You hit the iguana.
The iguana is severely wounded.
The iguana bites you.
You die...

▓+▓
▓.▓
▓Z▓
▓S▓
▓S▓
▓O▓
▓l▓
▓@▓
▓.▓
▓.▓
▓.▓
▓)▓
▓)▓
▓.▓
▓.▓
▓.▓


You could see an ogre, an iguana, 2 adders and an adder skeleton.

Vanquished Creatures
  A jackal (D)
  A quokka (D)
  A ball python (D)
  2 kobolds (D)
5 creatures vanquished.

Notes
Turn   | Place    | Note
-------+----------+-------------------------------------------
     0 | D        | rocky1 the Formicid Fighter began the quest for the Orb.
     0 | D        | Reached XP level 1. HP: 18/18 MP: 1/1
     6 | D        | Reached skill level 4 in Shields
    82 | D        | Noticed an ogre
    82 | D        | Noticed an iguana
    87 | D        | Slain by an iguana

Illustrated notes

Levels and vault maps discovered:
D:        linesprint [early_d, line_temple, items_1, d_10, items_2, lair_1,
          lair_end, items_3, orc_1, orc_end, items_4, d_15, swamp_1, shoals_1,
          snake_1, spider_1, d_20, vaults_1, items_5, swamp_end, shoals_end,
          snake_end, spider_end, vaults_end, d_27, items_6, zot_1, zot_end,
          crypt_end, forest_end, elf_end, slime_end, tomb_end, abyss_end,
          pan_hell_end]

Skill      XL: |  1 |
---------------+----+-----
Shields        | 4 |  4.7
Long Blades    | 3 |  3.1
Fighting       | |  3.2
Armour         | |  3.2

Action                   || total
-------------------------++-------
Melee: Long sword        ||    17
Armor: Scale mail        ||     6
Dodge: Dodged            ||     4
Block: Kite shield       ||     9
       Rpst.: Long sword ||     1

Table legend: (Time is in decaauts)
 A = Elapsed time spent in this place.
 B = Non-inter-level travel time spent in this place.
 C = Inter-level travel time spent in this place.
 D = Time resting spent in this place.
 E = Time spent auto-exploring this place.
 F = Levels seen in this place.
 G = Mean time per level.
                   A        B        C        D        E       F      G
               +--------+--------+--------+--------+--------+-----+--------+
         Total |     93 |     93 |      0 |     60 |      0 |   1 |   93.0 |
       Dungeon |     93 |     93 |      0 |     60 |      0 |   1 |   93.0 |
               +--------+--------+--------+--------+--------+-----+--------+

Top non-repeatable levels by time:
       D: 93 daAuts
